 Dungeon Crawl Stone Soup version 0.26-a0-672-g1df16c3386 (webtiles) character file.

Game seed: 3173745274139710601

311 mandarbmax the Frost Mage (level 6, 0/41 HPs)
             Began as a Barachi Ice Elementalist on Oct 19, 2020.
             Was an Initiate of Gozag.
             Slain by an orc wizard
             ... wielding a +4 dagger of draining
              (2 damage)
             ... on level 4 of the Dungeon.
             The game lasted 00:10:35 (4098 turns).

mandarbmax the Frost Mage (BaIE)                    Turns: 4098, Time: 00:10:37

Health: 0/41       AC:  4    Str: 10    XL:     6   Next: 42%
Magic:  10/10      EV: 11    Int: 16    God:    Gozag
Gold:   307        SH:  0    Dex: 13    Spells: 4/11 levels left

rFire    . . .     SeeInvis .   h - +4 short sword (drain)
rCold    + . .     Faith    .   (no shield)
rNeg     . . .     Spirit   .   f - +1 leather armour {rC+}
rPois    .         Reflect  .   (no helmet)
rElec    .         Harm     .   (no cloak)
rCorr    .         Rampage  .   (no gloves)
MR       .....                  (no boots)
Stlth    +.........             (no amulet)
HPRegen  0.13/turn              (no ring)
MPRegen  0.12/turn              (no ring)

@: gold aura, heavily drained, slow
A: +LOS, swims, slowness 1, strong legs 1
a: Hop, Potion Petition, Call Merchant, Bribe Branch, Renounce Religion


You were on level 4 of the Dungeon.
You worshipped Gozag.
Gozag was aware of your devotion.
You visited 1 branch of the dungeon, and saw 4 of its levels.

You collected 371 gold pieces.
You paid 64 gold pieces to Gozag.

Inventory:

Hand Weapons
 h - a +4 short sword of draining (weapon)
 p - a +0 falchion
Missiles
 n - 22 poisoned darts (quivered)
 o - 3 javelins
Armour
 a - a +0 robe
 f - a +1 leather armour of cold resistance (worn)
 j - a +1 kite shield
 q - a +2 hat
Wands
 e - a wand of random effects (20)
Scrolls
 b - a scroll of remove curse
 c - a scroll of teleportation
 i - a scroll of amnesia
 r - a scroll of identify
Potions
 d - 2 potions of mutation
 g - 4 potions of lignification
 k - 4 potions of invisibility
 l - a potion of heal wounds
 m - a potion of curing
 s - 2 potions of degeneration {unknown}


   Skills:
 - Level 2.1(0.9) Dodging
 - Level 2.0(0.7) Stealth
 - Level 3.0(1.7) Spellcasting
 + Level 8.6(7.1) Ice Magic


You had 4 spell levels left.
You knew the following spells:

 Your Spells              Type           Power        Failure   Level
a - Freeze                Ice            ###.         1%          1
b - Frozen Ramparts       Ice            ###...       4%          3
c - Ozocubu's Armour      Ice            ###.....     4%          3

Your spell library contained the following spells:

 Spells                   Type           Power        Failure   Level
 Hailstorm                Conj/Ice       ##......     56%         4
 Summon Ice Beast         Ice/Summ       ##......     56%         4


Dungeon Overview and Level Annotations

Branches:
Dungeon (4/15)             Temple (0/1) D:4

Altars:
Gozag


Innate Abilities, Weirdness & Mutations

You can be seen from farther away. (+LOS)
You can swim through water.
You cover ground slowly.
You can hop short distances.


Message History

You feel sick. Something hits you.
You feel drained.
You are too injured to fight recklessly!
You are too injured to fight recklessly!
You are too injured to fight recklessly!
Something completely misses you. Something hits you.
You feel drained.
* * * LOW HITPOINT WARNING * * *
Okay, then.
You start resting.
Something hits you.
* * * LOW HITPOINT WARNING * * *
You feel drained.
* * * LOW HITPOINT WARNING * * *
There is a strange disturbance nearby!
You closely miss something.
You feel sick.
You are no longer poisoned.
Something hits you.
* * * LOW HITPOINT WARNING * * *
You feel drained.
You die...
Your body crumbles into a pile of gold.

###...!.#######+#######
#......................
#......................
#................(.....
#............$.........
#.........$$...........
#..........$...........
#.....{................
#....$@................
#......###+#####+##.....
#......#..........#.....
#......#..........#.....
#......#..........#.....
#......#..........+.....
#......#..........#.....
#.!.... #...# .###.....
..########'###..#.....#'


There were no monsters in sight!

Vanquished Creatures
  A scorpion (D:4)
  3 worker ants (D:4)
  A hound skeleton (D:4)
  5 adders
  3 oozes
  2 worms
  6 dart slugs
  3 leopard geckos
  13 orcs
  6 bats
  4 giant cockroaches
  3 goblins
  10 hobgoblins
  3 jackals (D:4)
  7 kobolds
  3 quokkas
  A ball python (D:1)
  A ball python skeleton (D:4)
  7 frilled lizards
  8 rats
90 creatures vanquished.

Notes
Turn   | Place    | Note
-------+----------+-------------------------------------------
     0 | D:1      | mandarbmax the Barachi Ice Elementalist began the quest for
                  | the Orb.
     0 | D:1      | Reached XP level 1. HP: 13/13 MP: 3/3
    72 | D:1      | Reached skill level 5 in Ice Magic
   395 | D:1      | Reached XP level 2. HP: 19/19 MP: 1/5
   889 | D:1      | Reached XP level 3. HP: 24/24 MP: 3/6
  1063 | D:1      | Learned a level 3 spell: Frozen Ramparts
  1067 | D:1      | Learned a level 3 spell: Ozocubu's Armour
  1882 | D:2      | Reached skill level 6 in Ice Magic
  1882 | D:2      | Reached XP level 4. HP: 30/30 MP: 4/8
  1970 | D:2      | You fall into a shaft and drop 2 floors!
  2358 | D:3      | Found an opulent altar of Gozag.
  2367 | D:3      | Became a worshipper of Gozag Ym Sagoz the Greedy
  2560 | D:3      | Reached XP level 5. HP: 22/35 MP: 2/9
  2571 | D:3      | Reached skill level 7 in Ice Magic
  3605 | D:4      | Reached skill level 8 in Ice Magic
  3605 | D:4      | Reached XP level 6. HP: 41/41 MP: 6/10
  3784 | D:4      | Found a staircase to the Ecumenical Temple.
  4098 | D:4      | HP: 2/41 [something (6)]
  4098 | D:4      | Slain by an orc wizard

Illustrated notes

Levels and vault maps discovered:
D:1:      dpeg_arrival_arbitrary_c, layout_basic
D:2:      layout_basic, serial_glass, glass_columns_c, glass_columns_c
D:3:      layout_basic, grunt_gozag_statues
D:4:      layout_gridville, temple_green

Skill      XL: |  1  2  3  4  5 |
---------------+----------------+-----
Stealth        | 2 |  2.0
Ice Magic      | 5 6 8 |  8.6
Spellcasting   | 3 |  3.0
Dodging        | |  2.1

Action                   |  1- 3 |  4- 6 || total
-------------------------+-------+-------++-------
Melee: Unarmed           |    27 |       ||    27
       Short sword       |    11 |    98 ||   109
 Cast: Freeze            |    34 |     3 ||    37
       Frozen Ramparts   |     7 |     7 ||    14
       Ozocubu's Armour  |       |     1 ||     1
 Abil: Hop               |     1 |       ||     1
  Use: Scroll            |       |    12 ||    12
 Stab: Sleeping          |       |     5 ||     5
Armor: Robe              |    11 |     1 ||    12
       Leather armour    |       |    12 ||    12
Dodge: Dodged            |    32 |    59 ||    91

Table legend: (Time is in decaauts)
 A = Elapsed time spent in this place.
 B = Non-inter-level travel time spent in this place.
 C = Inter-level travel time spent in this place.
 D = Time resting spent in this place.
 E = Time spent auto-exploring this place.
 F = Levels seen in this place.
 G = Mean time per level.
                   A        B        C        D        E       F      G
               +--------+--------+--------+--------+--------+-----+--------+
         Total |   4451 |   4360 |     91 |   1275 |   2358 |   4 | 1112.8 |
       Dungeon |   4451 |   4360 |     91 |   1275 |   2358 |   4 | 1112.8 |
               +--------+--------+--------+--------+--------+-----+--------+

Top non-repeatable levels by time:
     D:1: 1677 daAuts
     D:4: 1056 daAuts
     D:3: 983 daAuts
     D:2: 734 daAuts
